 Dungeon Crawl Stone Soup version 0.23-a0-303-gfcac5dec12 (webtiles) character file.

1303 PikkenKukken the Grasshopper (level 8, -5/64 HPs)
             Began as a Gnoll Warper on Oct 8, 2018.
             Slain by an orc warrior
             ... wielding a +0 dire flail
              (19 damage)
             ... on level 6 of the Dungeon.
             The game lasted 00:16:42 (7390 turns).

PikkenKukken the Grasshopper (Gnoll Warper)         Turns: 7390, Time: 00:16:43

Health: -5/64      AC:  4    Str: 15    XL:     8   Next: 57%
Magic:  8/17       EV: 15    Int: 16    God:
Gold:   536        SH:  6    Dex: 15    Spells: 9/19 levels left

rFire    . . .     SeeInvis .   a - +2 falchion (freeze)
rCold    + . .     Gourm    .   n - +1 buckler {reflect}
rNeg     . . .     Faith    .   h - +0 leather armour {rC+}
rPois    .         Spirit   .   (no helmet)
rElec    .         Reflect  +   (no cloak)
rCorr    .         Harm     .   (no gloves)
MR       .....                  t - +0 pair of boots
Stlth    ++........             (no amulet)
HPRegen  0.20/turn              (no ring)
MPRegen  0.15/turn              (no ring)

@: no status effects
A: distributed training, fangs 1, strong nose
a: no special abilities


You were on level 6 of the Dungeon.
You were near starving.

You visited 1 branch of the dungeon, and saw 6 of its levels.
You also visited: Ossuary.

You collected 536 gold pieces.

Inventory:

Hand Weapons
 a - a +2 falchion of freezing (weapon)
 b - a +0 hunting sling
 D - a +1 mace
Missiles
 e - 14 tomahawks (quivered)
 g - 22 sling bullets
 k - 17 arrows
 l - 7 curare-tipped needles
Armour
 h - a +0 leather armour of cold resistance (worn)
 n - a +1 buckler of reflection (worn)
 t - a +0 pair of boots (worn)
Jewellery
 F - an uncursed amulet of guardian spirit
Scrolls
 c - 4 scrolls of remove curse
 d - 2 scrolls of blinking
 j - 2 scrolls of fog
 u - 2 scrolls of immolation
 v - 3 scrolls of enchant weapon
 x - 2 scrolls of magic mapping
 y - a scroll of enchant armour
 C - a scroll of identify
Potions
 i - a potion of brilliance
 m - a potion of resistance
 o - 2 potions of heal wounds
 p - a potion of degeneration {unknown}
 q - a potion of cancellation {unknown}
 r - a potion of haste {unknown}
 w - a potion of invisibility {unknown}
 z - a potion of ambrosia {unknown}
 A - 2 potions of agility
 B - 4 potions of curing {unknown}
 E - a potion of berserk rage {unknown}
Comestibles
 f - 15 rations


   Skills:
 + Level 5.7 Fighting
 + Level 3.3 Short Blades
 + Level 3.3 Long Blades
 + Level 3.3 Axes
 + Level 5.7 Maces & Flails
 + Level 3.3 Polearms
 + Level 3.3 Staves
 + Level 3.3 Slings
 + Level 3.3 Bows
 + Level 3.3 Crossbows
 + Level 4.2 Throwing
 + Level 4.2 Armour
 + Level 5.7 Dodging
 + Level 3.3 Stealth
 + Level 3.3 Shields
 + Level 3.3 Unarmed Combat
 + Level 6.1 Spellcasting
 + Level 2.7 Conjurations
 + Level 2.7 Hexes
 + Level 2.7 Charms
 + Level 2.7 Summonings
 + Level 2.7 Necromancy
 + Level 6.1 Translocations
 + Level 2.7 Transmutations
 + Level 2.7 Fire Magic
 + Level 2.7 Ice Magic
 + Level 2.7 Air Magic
 + Level 2.7 Earth Magic
 + Level 2.7 Poison Magic
 + Level 3.6 Invocations
 + Level 3.3 Evocations


You had 9 spell levels left.
You knew the following spells:

 Your Spells              Type           Power        Failure   Level  Hunger
a - Blink                 Tloc           N/A          2%          2    #......
b - Shroud of Golubria    Chrm/Tloc      ###.......   4%          2    #......
c - Teleport Other        Tloc           ###.....     4%          3    ##.....
d - Lesser Beckoning      Tloc           ###.......   4%          3    ##.....

Your spell library contained the following spells:

 Spells                   Type           Power        Failure   Level  Hunger
 Gell's Gravitas          Tloc           ###.......   4%          3    ##.....
 Passage of Golubria      Tloc           N/A          14%         4    ####...


Dungeon Overview and Level Annotations

Branches:
Dungeon (6/15)
 Temple: D:4-7

Altars:
Ashenzari
Dithmenos
Gozag
Sif Muna
Vehumet
The Shining One

Shops:
D:4 (

Annotations:
D:2 1 runed door


Innate Abilities, Weirdness & Mutations

Your experience applies equally to all skills.
You have very sharp teeth.
Your uncanny sense of smell can sniff out nearby items.


Message History

Aiming: Teleport Other (safe; 4% risk of failure)
Press: ? - help, Shift-Dir - straight line, f - orc warrior
Aim: an orc warrior, wielding a dire flail and wearing a chain mail (moderately The orc warrior struggles to resist.
The orc warrior barely misses you.
Casting: Teleport Other (safe; 4% risk of failure)
Confirm with . or Enter, or press ? or * to list all spells.
Aiming: Teleport Other (safe; 4% risk of failure)
Press: ? - help, Shift-Dir - straight line, f/p - orc warrior
Aim: an orc warrior, wielding a dire flail and wearing a chain mail (moderately The orc warrior looks slightly unstable.
The orc warrior hits you with a dire flail!
* * * LOW HITPOINT WARNING * * *
Casting: Teleport Other (safe; 4% risk of failure)
Confirm with . or Enter, or press ? or * to list all spells.
Aiming: Teleport Other (safe; 4% risk of failure)
Press: ? - help, Shift-Dir - straight line, f/p - orc warrior
Aim: an orc warrior, wielding a dire flail and wearing a chain mail (moderately The orc warrior struggles to resist.
The orc warrior hits you with a dire flail!!
You die...

#.####.#
#... #.
#......#
#... ##
##.....#
#.....####
#.#####
........
#.#
...#.##
#.#
#.#.#.##
#.#
#.......
#.#
####.#<.#
#@#
.........#
#o#
.####.>...
... ##.#.#
.((..
.....#
#(#(>..
###.###
(.(...##
... .
((..(...
.... . #.#
.#..## ...
#. ... ##


You could see an orc warrior.

Vanquished Creatures
  A water moccasin (D:5)
  2 ice beasts (D:5)
  A bullfrog (D:3)
  An elf skeleton (D:4)
  3 scorpions
  A crimson imp (D:5)
  2 human zombies (D:4)
  2 orc priests
  A jelly (D:5)
  4 orc wizards
  Natasha (D:3)
  An iguana (D:4)
  A human skeleton (D:4)
  2 worker ants (D:5)
  8 mummies (Ossuary)
  A worker ant zombie (D:6)
  7 adders
  A river rat (D:4)
  2 oozes
  An adder skeleton (D:6)
  3 worms
  3 dart slugs
  7 leopard geckos
  16 orcs
  2 ball pythons
  8 giant cockroaches
  3 goblins
  5 hobgoblins
  4 jackals (D:1)
  2 quokkas
  6 bats
  6 frilled lizards
  3 hobgoblin zombies (Ossuary)
  5 kobolds
  A kobold zombie (Ossuary)
  A leopard gecko skeleton (D:5)
  A leopard gecko zombie (D:5)
  An orc skeleton (D:4)
  5 orc zombies
  6 rats
131 creatures vanquished.

Notes
Turn   | Place    | Note
-------+----------+-------------------------------------------
     0 | D:1      | PikkenKukken the Gnoll Warper began the quest for the Orb.
     0 | D:1      | Reached XP level 1. HP: 20/20 MP: 6/6
   103 | D:1      | You fall through a shaft!
   116 | D:2      | Reached XP level 2. HP: 14/26 MP: 7/7
   531 | D:1      | Learned a level 2 spell: Blink
   534 | D:1      | Learned a level 2 spell: Shroud of Golubria
   553 | D:1      | Reached XP level 3. HP: 30/31 MP: 6/9
   560 | D:1      | Reached skill level 5 in Spellcasting
   972 | D:1      | Reached skill level 1 in Invocations
  1498 | D:2      | Reached skill level 1 in Short Blades
  1498 | D:2      | Reached skill level 1 in Long Blades
  1498 | D:2      | Reached skill level 1 in Axes
  1498 | D:2      | Reached skill level 1 in Polearms
  1498 | D:2      | Reached skill level 1 in Staves
  1498 | D:2      | Reached skill level 1 in Slings
  1498 | D:2      | Reached skill level 1 in Bows
  1498 | D:2      | Reached skill level 1 in Crossbows
  1498 | D:2      | Reached skill level 1 in Stealth
  1498 | D:2      | Reached skill level 1 in Shields
  1498 | D:2      | Reached skill level 1 in Unarmed Combat
  1498 | D:2      | Reached skill level 1 in Evocations
  1498 | D:2      | Reached XP level 4. HP: 32/38 MP: 11/11
  1621 | D:2      | Learned a level 3 spell: Teleport Other
  1648 | D:2      | Found a runed door.
  2138 | D:2      | Reached skill level 1 in Conjurations
  2138 | D:2      | Reached skill level 1 in Hexes
  2138 | D:2      | Reached skill level 1 in Charms
  2138 | D:2      | Reached skill level 1 in Summonings
  2138 | D:2      | Reached skill level 1 in Necromancy
  2138 | D:2      | Reached skill level 1 in Transmutations
  2138 | D:2      | Reached skill level 1 in Fire Magic
  2138 | D:2      | Reached skill level 1 in Ice Magic
  2138 | D:2      | Reached skill level 1 in Air Magic
  2138 | D:2      | Reached skill level 1 in Earth Magic
  2138 | D:2      | Reached skill level 1 in Poison Magic
  2323 | D:3      | Reached XP level 5. HP: 37/43 MP: 12/12
  3122 | D:3      | Reached XP level 6. HP: 39/50 MP: 13/13
  3503 | D:3      | Noticed Natasha
  3508 | D:3      | Killed Natasha
  3735 | D:3      | Learned a level 3 spell: Lesser Beckoning
  3852 | D:4      | Found a shadowy altar of Dithmenos.
  3896 | D:4      | Reached skill level 5 in Fighting
  3896 | D:4      | Reached skill level 5 in Maces & Flails
  3896 | D:4      | Reached skill level 5 in Dodging
  4100 | D:4      | Found a sand-covered staircase.
  4165 | Ossuary  | Entered an ossuary
  4321 | Ossuary  | Reached XP level 7. HP: 56/56 MP: 15/15
  5325 | D:4      | Found Ukugurai's Antique Weapon Emporium.
  5601 | D:4      | Found an opulent altar of Gozag.
  5601 | D:4      | Found a glowing golden altar of the Shining One.
  5606 | D:4      | Found a deep blue altar of Sif Muna.
  5608 | D:4      | Found a radiant altar of Vehumet.
  5610 | D:4      | Found a shattered altar of Ashenzari.
  5789 | D:5      | Entered Level 5 of the Dungeon
  6116 | D:5      | Reached XP level 8. HP: 58/63 MP: 16/16
  7390 | D:6      | Slain by an orc warrior

Vault maps used:
D:1:      roderic_crossed_star, grunt_decor_arrowhead
D:2:      minmay_tromino_v4_a, uniq_crazy_yiuf_cottage
D:3:      first_ration, minmay_quantized, uniq_natasha
D:4:      chequers_temple_overflow_minitemple, gup_sewer_entry_bubbles,
          nicolae_ossuary_entry_catacombs, serial_shops, shop,
          nicolae_dithmenos_shadow_blocks
D:6:      grunt_temple_overflow_open
Ossuary:  ossuary_tomb_3

Skill      XL: |  1  2  3  4  5  6  7  8 |
---------------+-------------------------+-----
Spellcasting   | 5 6 |  6.1
Invocations    | 1 2 3 |  3.6
Short Blades   | 1 2 3 |  3.3
Long Blades    | 1 2 3 |  3.3
Axes           | 1 2 3 |  3.3
Polearms       | 1 2 3 |  3.3
Staves         | 1 2 3 |  3.3
Slings         | 1 2 3 |  3.3
Bows           | 1 2 3 |  3.3
Crossbows      | 1 2 3 |  3.3
Stealth        | 1 2 3 |  3.3
Shields        | 1 2 3 |  3.3
Unarmed Combat | 1 2 3 |  3.3
Evocations     | 1 2 3 |  3.3
Conjurations   | 1 2 |  2.7
Hexes          | 1 2 |  2.7
Charms         | 1 2 |  2.7
Summonings     | 1 2 |  2.7
Necromancy     | 1 2 |  2.7
Transmutations | 1 2 |  2.7
Fire Magic     | 1 2 |  2.7
Ice Magic      | 1 2 |  2.7
Air Magic      | 1 2 |  2.7
Earth Magic    | 1 2 |  2.7
Poison Magic   | 1 2 |  2.7
Throwing       | 3 4 |  4.2
Armour         | 3 4 |  4.2
Fighting       | 5 |  5.7
Maces & Flails | 5 |  5.7
Dodging        | 5 |  5.7
Translocations | 6 |  6.1

Action                   |  1- 3 |  4- 6 |  7- 9 || total
-------------------------+-------+-------+-------++-------
Melee: Mace              |   114 |   177 |    78 ||   369
       Bite              |     5 |    14 |    21 ||    40
       Falchion          |       |       |    94 ||    94
 Fire: Hunting sling     |       |    26 |    97 ||   123
Throw: Tomahawk          |     8 |    25 |    15 ||    48
 Cast: Shroud of Golubri |     1 |       |       ||     1
       Lesser Beckoning  |       |     1 |       ||     1
       Blink             |       |       |     6 ||     6
       Teleport Other    |       |       |     3 ||     3
  Use: Scroll            |     4 |     7 |     4 ||    15
       Potion            |       |     2 |       ||     2
 Stab: Sleeping          |       |     2 |     1 ||     3
       Distracted        |       |       |     1 ||     1
  Eat: Chunk             |     2 |     9 |     5 ||    16
       Ration            |       |       |     1 ||     1
Armor: Leather armour    |    18 |    32 |    25 ||    75
       Skin              |       |    21 |       ||    21
Dodge: Dodged            |    85 |   104 |    72 ||   261
Block: Buckler           |       |    16 |    36 ||    52
       Reflection        |       |       |     3 ||     3
       Rpst.: Falchion   |       |       |    14 ||    14

Table legend:
 A = Non-vault XP
 B = Vault XP
 C = Vault XP percentage of total XP
 D = Non-vault monster count
 E = Vault monster count
 F = Vault count percentage of total count
                 A         B        C        D         E       F
            +---------+---------+-------+---------+---------+-------
      Total |    1424 |     438 |  23.5 |      94 |      37 |  28.2
            +---------+---------+-------+---------+---------+-------
        D:1 |      45 |       0 |   0.0 |      23 |       0 |   0.0
        D:2 |     109 |       6 |   5.2 |      15 |       3 |  16.7
        D:3 |     211 |      42 |  16.6 |      20 |       5 |  20.0
        D:4 |     129 |     240 |  65.0 |       8 |      13 |  61.9
        D:5 |     826 |       0 |   0.0 |      21 |       0 |   0.0
        D:6 |     104 |       0 |   0.0 |       7 |       0 |   0.0
    Ossuary |       0 |     150 | 100.0 |       0 |      16 | 100.0
            +---------+---------+-------+---------+---------+-------
